 Dungeon Crawl Stone Soup version 0.20-a0-148-gb6cfb21 (webtiles) character file.

1604 KristoblXynda the Destroyer (level 8, -3/41 HPs)
             Began as a Tengu Conjurer on Nov 21, 2016.
             Was an Initiate of Vehumet.
             Shot with an arrow by a centaur (14 damage)
             ... on level 7 of the Dungeon.
             The game lasted 00:20:39 (7062 turns).

KristoblXynda the Destroyer (Tengu Conjurer)        Turns: 7062, Time: 00:20:40

Health: -3/41      AC:  4    Str:  9    XL:     8   Next: 94%
Magic:  19/27      EV: 12    Int: 18    God:    Vehumet [......]
Gold:   319        SH:  0    Dex: 14    Spells: 11/19 levels left

rFire  . . .     SeeInvis .     k - +2 dagger (drain)
rCold  . . .     Gourm    .     d - +1 leather armour
rNeg   . . .     Faith    .     (no shield)
rPois  +         Spirit   .     (helmet restricted)
rElec  .         Reflect  .     (no cloak)
rCorr  .         Harm     .     (no gloves)
MR     .....                    (boots unavailable)
Stlth  +++.......               i - amulet of regeneration
                                o - ring of magical power
                                t - ring of poison resistance

@: no status effects
A: beak, talons 3, able to fly 1
a: Fly, Renounce Religion


You were on level 7 of the Dungeon.
You worshipped Vehumet.
Vehumet was noncommittal.
You were not hungry.

You visited 2 branches of the dungeon, and saw 8 of its levels.

You collected 319 gold pieces.

Inventory:

Hand Weapons
 k - a +2 dagger of draining (weapon)
Armour
 d - a +1 leather armour (worn)
Magical Staves
 q - an uncursed staff of air
Jewellery
 i - an amulet of regeneration (around neck)
 m - an uncursed ring of see invisible
 o - a ring of magical power (right hand)
 p - a cursed ring of loudness {unknown}
 t - a ring of poison resistance (left hand)
Wands
 w - a wand of lightning (0/15)
Scrolls
 f - 2 scrolls of amnesia
 n - 2 scrolls of magic mapping
 x - a scroll of identify
 y - 2 scrolls of teleportation
Potions
 e - a potion of cure mutation
 g - a potion of brilliance
 h - a potion of lignification
 j - a potion of agility
 r - 2 potions of resistance
 s - a potion of flight
 v - a potion of cancellation
Books
 b - a book of Conjurations

   Spells                             Type                      Level
   a - Magic Dart                     Conjuration                  1
   b - Searing Ray                    Conjuration                  2
   c - Dazzling Spray                 Conjuration/Hexes            3
   d - Fulminant Prism                Conjuration/Hexes            4
   e - Iskenderun's Mystic Blast      Conjuration                  4
   f - Iskenderun's Battlesphere      Conjuration/Charms           5
 A - a book of Geomancy

   Spells                             Type                      Level
   a - Sandblast                      Earth                        1
   b - Passwall                       Transmutation/Earth          2
   c - Stone Arrow                    Conjuration/Earth            3
   d - Petrify                        Transmutation/Earth          4
   e - Lee's Rapid Deconstruction     Earth                        5
Comestibles
 c - 3 bread rations
 l - a meat ration
 u - 6 fruits


   Skills:
 - Level 5.1 Armour
 - Level 2.1 Dodging
 + Level 4.7 Stealth
 + Level 6.0 Spellcasting
 + Level 9.8 Conjurations


You had 11 spell levels left.
You knew the following spells:

 Your Spells              Type           Power        Failure   Level  Hunger
a - Magic Dart            Conj           ####         1%          1    None
b - Dazzling Spray        Conj/Hex       ###...       10%         3    ##.....
c - Iskenderun's Mystic   Conj           #####...     3%          4    ####...


Dungeon Overview and Level Annotations

Branches:
Dungeon (7/15)             Temple (1/1) D:6

Altars:
Cheibriados
Dithmenos
Elyvilon
Fedhas
Hepliaklqana
Kikubaaqudgha
Nemelex Xobeh
Okawaru
Qazlal
Ru
Trog
Uskayaw
Vehumet
Xom
Yredelemnul
The Shining One


Innate Abilities, Weirdness & Mutations

You have a beak for a mouth.
You have claws for feet.
You can fly.


Message History

The centaur shoots an arrow.
The arrow barely misses you.
The centaur shoots an arrow.
The arrow hits you.
You see here an arrow.
Casting: Dazzling Spray
Confirm with . or Enter, or press ? or * to list all spells.
Aiming: Dazzling Spray
Press: ? - help, Shift-Dir - straight line, f/p - centaur
Aim: a centaur, wielding a shortbow (heavily wounded, blind)
The spray of energy misses the centaur.
The centaur shoots an arrow.
The arrow barely misses you.
A sky beast comes into view.
The sky beast moves out of view.
The centaur shoots an arrow.
The arrow hits you!
* * * LOW HITPOINT WARNING * * *
You see here an arrow.
The centaur shoots an arrow.
The arrow hits you.
* * * LOW HITPOINT WARNING * * *
You feel better.
The centaur is no longer blind.
The centaur shoots an arrow.
The arrow hits you!
You die...

#.. .. #.. ###
###. #... #.. ...
##..?###.##.#
..$.........# .
............###..
<.Y....c.........
#...##((.....###
#. #@.<.......
#.. #(##.##.###
#$..##.##......
#....(....##....
#...##....# ##.
#... #....... #.#
..?...... #
........#
........#


You could see a centaur.

Vanquished Creatures
  An ice beast (D:5)
  4 ogres
  A gnoll sergeant (D:5)
  2 bullfrogs (D:6)
  A scorpion (D:5)
  4 crimson imps (D:5)
  8 orc wizards
  A bullfrog zombie (D:5)
  2 centaur skeletons (D:5)
  A gnoll shaman (D:5)
  2 hounds
  A jelly (D:6)
  2 iguanas (D:5)
  2 worker ants (D:5)
  A howler monkey zombie (D:3)
  Robin (D:2)
  11 gnolls
  5 adders
  A shadow imp (D:6)
  2 oozes
  An adder skeleton (D:5)
  A worm (D:2)
  3 dart slugs (D:1)
  6 leopard geckos
  21 orcs
  10 bats
  5 giant cockroaches
  10 goblins
  14 hobgoblins
  9 jackals
  3 quokkas
  A ball python (D:1)
  2 frilled lizards
  11 kobolds
  11 rats
161 creatures vanquished.

Notes
Turn   | Place    | Note
-------+----------+-------------------------------------------
     0 | D:1      | KristoblXynda the Tengu Conjurer began the quest for the Orb.
     0 | D:1      | Reached XP level 1. HP: 10/10 MP: 4/4
   307 | D:1      | Reached XP level 2. HP: 14/15 MP: 3/6
   652 | D:1      | Reached XP level 3. HP: 19/19 MP: 7/7
   745 | D:1      | Reached skill level 1 in Armour
   811 | D:2      | Reached skill level 6 in Conjurations
  1067 | D:2      | Reached XP level 4. HP: 15/24 MP: 3/9
  1090 | D:2      | Noticed Robin
  1424 | D:2      | Killed Robin
  1820 | D:3      | Gained mutation: You can fly. [Tengu growth]
  1820 | D:3      | Reached XP level 5. HP: 11/28 MP: 2/10
  2760 | D:3      | Learned a level 3 spell: Dazzling Spray
  2770 | D:3      | Learned a level 4 spell: Iskenderun's Mystic Blast
  2844 | D:3      | Found a glowing golden altar of the Shining One.
  2926 | D:3      | Reached skill level 7 in Conjurations
  3095 | D:3      | Noticed an ogre
  3105 | D:3      | Killed an ogre
  3105 | D:3      | Reached XP level 6. HP: 32/32 MP: 1/12
  3237 | D:3      | Found a snail-covered altar of Cheibriados.
  3241 | D:3      | Found a basalt altar of Yredelemnul.
  3243 | D:3      | Found an ancient bone altar of Kikubaaqudgha.
  3953 | D:4      | Reached XP level 7. HP: 36/36 MP: 14/14
  4163 | D:5      | Entered Level 5 of the Dungeon
  4355 | D:6      | Reached skill level 8 in Conjurations
  4621 | D:6      | Found a staircase to the Ecumenical Temple.
  4632 | Temple   | Entered the Ecumenical Temple
  4784 | D:6      | Found a shimmering altar of Xom.
  4790 | D:6      | Reached skill level 5 in Armour
  4814 | D:6      | Found a blossoming altar of Fedhas.
  4814 | D:6      | Found a shimmering altar of Xom.
  4816 | D:6      | Found a sacrificial altar of Ru.
  4816 | D:6      | Found a blossoming altar of Fedhas.
  4816 | D:6      | Found a bloodstained altar of Trog.
  5787 | D:5      | Reached XP level 8. HP: 41/41 MP: 16/16
  5849 | D:5      | Reached skill level 5 in Spellcasting
  5986 | D:5      | Reached skill level 9 in Conjurations
  6502 | D:5      | Found a radiant altar of Vehumet.
  6522 | D:5      | Became a worshipper of Vehumet
  7062 | D:7      | Shot with an arrow by a centaur

Vault maps used:
D:1:      dpeg_arrival_shrine
D:2:      lemuel_another_geyser, uniq_robin
D:3:      tso_metal_star, grunt_temple_overflow_diamond
D:5:      fiery_altar_vehumet, first_bread, kennysheep_boxes
D:6:      doesnt_xom_only_xom
D:7:      lemuel_round_altar, overflow_temple_1_default, uniq_duvessa,
          uniq_joseph, uniq_pikel
Temple:   zaba_magenta_temple

Skill      XL: |  1  2  3  4  5  6  7  8 |
---------------+-------------------------+-----
Armour         | 1 2 3 4 5 |  5.1
Conjurations   | 6 7 8 9 |  9.8
Spellcasting   | 3 4 6 |  6.0
Stealth        | 4 |  4.7
Dodging        | |  2.1

Action                   |  1- 3 |  4- 6 |  7- 9 || total
-------------------------+-------+-------+-------++-------
Melee: Short sword       |    14 |       |       ||    14
       Kick              |     7 |     6 |     2 ||    15
       Peck              |     2 |     2 |       ||     4
       Dagger            |     5 |    36 |    24 ||    65
 Cast: Magic Dart        |    64 |   181 |   204 ||   449
       Iskenderun's Myst |       |     2 |     7 ||     9
       Dazzling Spray    |       |       |     3 ||     3
Evoke: Wand              |       |       |     2 ||     2
  Use: Potion            |     2 |     2 |     2 ||     6
       Scroll            |     1 |    13 |     9 ||    23
 Stab: Sleeping          |     1 |       |       ||     1
       Invisible         |       |     1 |       ||     1
  Eat: Fruit             |     1 |     1 |       ||     2
       Chunk             |       |     8 |     3 ||    11
       Pizza             |       |     1 |       ||     1
       Bread ration      |       |       |     1 ||     1
       Meat ration       |       |       |     1 ||     1
Armor: Robe              |     3 |     9 |       ||    12
       Skin              |       |     5 |     9 ||    14
       Leather armour    |       |     2 |    18 ||    20
Dodge: Dodged            |    27 |    68 |    54 ||   149
